 Dungeon Crawl Stone Soup version 0.29-a0-321-gf1c400731a (webtiles) character file.

Game seed: 8321122463397463575

46 Dabor the Charlatan (level 3, -24/35 HPs)
             Began as a Gnoll Wanderer on Apr 4, 2022.
             Killed by an exploding goblin (29 damage)
             ... ignited by their inner flame
             ... on level 2 of the Dungeon.
             The game lasted 00:02:26 (1526 turns).

Dabor the Charlatan (Gnoll Wanderer)                Turns: 1526, Time: 00:02:27

Health: -24/35     AC:  5    Str:  9    XL:     3   Next: 68%
Magic:  4/4        EV: 13    Int: 12    God:
Gold:   58         SH:  0    Dex: 14    Spells: 3/3 levels left

rFire   . . .      SeeInvis .   a - +0 quarterstaff
rCold   . . .      Faith    .   (shield currently unavailable)
rNeg    . . .      Spirit   .   c - +0 leather armour
rPois   .          Reflect  .   j - +0 helmet
rElec   .          Harm     .   h - +0 cloak
rCorr   .          Rampage  .   (no gloves)
Will    .....                   (no boots)
Stlth   +.........              (no amulet)
HPRegen 0.11/turn               (no ring)
MPRegen 0.09/turn               (no ring)

@: no status effects
A: fangs 1, strong nose, distributed training
a: no special abilities


You were on level 2 of the Dungeon.
You visited 1 branch of the dungeon, and saw 2 of its levels.

You collected 58 gold pieces.

Inventory:

Hand Weapons
 a - a +0 quarterstaff (weapon)
Missiles
 b - 4 throwing nets
 i - 6 stones (quivered)
Armour
 c - a +0 leather armour (worn)
 h - a +0 cloak (worn)
 j - a +0 helmet (worn)
Wands
 d - a wand of polymorph (6)
Scrolls
 e - a scroll of blinking
 f - a scroll of fear {unknown}
 k - a scroll of immolation
 m - a scroll of enchant armour {unknown}
Potions
 l - 2 potions of curing {unknown}


   Skills:
 + Level 6.5 Fighting
 + Level 0.9 Short Blades
 + Level 0.9 Long Blades
 + Level 0.9 Axes
 + Level 0.9 Maces & Flails
 + Level 0.9 Polearms
 + Level 2.6 Staves
 + Level 0.9 Slings
 + Level 0.9 Bows
 + Level 0.9 Crossbows
 + Level 0.9 Throwing
 + Level 2.6 Armour
 + Level 4.5 Dodging
 + Level 0.9 Stealth
 + Level 0.9 Shields
 + Level 0.9 Unarmed Combat
 + Level 0.9 Spellcasting
 + Level 0.6 Conjurations
 + Level 0.6 Hexes
 + Level 0.6 Summonings
 + Level 0.6 Necromancy
 + Level 0.6 Translocations
 + Level 0.6 Transmutations
 + Level 0.6 Fire Magic
 + Level 0.6 Ice Magic
 + Level 0.6 Air Magic
 + Level 0.6 Earth Magic
 + Level 0.6 Poison Magic
 + Level 1.0 Invocations
 + Level 6.5 Evocations


You had 3 spell levels left.
You didn't know any spells.
Your spell library was empty.

Dungeon Overview and Level Annotations

Branches:
Dungeon (2/15)

Altars:


Innate Abilities, Weirdness & Mutations

You have very sharp teeth.
Your uncanny sense of smell can sniff out nearby items.
Your experience applies equally to all skills.


Message History

A goblin comes into view. It is wielding a +0 club.
The goblin closely misses you.
You barely miss the goblin. The goblin closely misses you.
A goblin comes into view. It is wielding a +0 club.
The goblin hits you with a +0 dagger.
You hit the goblin.
The goblin is heavily wounded.
The goblin hits you with a +0 club.
The goblin hits you but does no damage. x2
The goblin closely misses you.
As you read the scroll labelled SADAIV BURPHI, it crumbles to dust.
The creatures around you are filled with an inner flame!
It was a scroll of immolation.
The goblin hits you with a +0 club. The goblin hits you with a +0 dagger.
* * * LOW HITPOINT WARNING * * *
As you read the scroll labelled ERETIO TUL USS, it crumbles to dust.
Your body is wracked with pain!
* * * LOW HITPOINT WARNING * * *
The goblin convulses!
Flame seeps out of the goblin.
The hobgoblin convulses!
Flame seeps out of the hobgoblin.
The hobgoblin convulses!
Flame seeps out of the hobgoblin.
The hobgoblin convulses!
Flame seeps out of the hobgoblin.
Robin convulses!
Flame seeps out of Robin.
The goblin convulses!
Flame seeps out of the goblin.
The goblin convulses!
Flame seeps out of the goblin.
It was a scroll of torment.
The hobgoblin no longer looks unusually strong.
The hobgoblin is engulfed in blazing flames.
The hobgoblin explodes!
The fiery explosion engulfs the goblin!! x2
The fiery explosion engulfs the goblin!!!
The fiery explosion engulfs the hobgoblin!!
The fiery explosion engulfs the hobgoblin!!!
The hobgoblin explodes!
The fiery explosion engulfs Robin!!
The fiery explosion engulfs the goblin!!!
The goblin explodes!
The fiery explosion engulfs the goblin!!
The goblin explodes!
Robin explodes!
The hobgoblin explodes!
The goblin explodes!
The fiery explosion engulfs you!!
Ouch! That really hurt!
You die...

##...##
##.<...##
#.......#
##.....##
##...##
##.## #.#
#g# #@#
#○#
......§○§#
.######○○#
#○○# #○§#
#§.# ...#
.#.#


You could see a goblin (inner flame, strong).

Vanquished Creatures
  Robin (D:2)
  An adder (D:2)
  A dart slug (D:1)
  3 ball pythons (D:1)
  3 bats (D:1)
  3 endoplasms (D:1)
  5 hobgoblins
  2 jackals (D:1)
  6 kobolds (D:1)
  A quokka (D:1)
  10 goblins
  2 rats (D:1)
38 creatures vanquished.

Notes
Turn   | Place    | Note
-------+----------+-------------------------------------------
     0 | D:1      | Dabor the Gnoll Wanderer began the quest for the Orb.
     0 | D:1      | Dabor set off with the following items: a +0 quarterstaff,
                  | 2 throwing nets, a +0 leather armour, a wand of polymorph
                  | (6), a scroll of blinking
     0 | D:1      | Reached XP level 1. HP: 23/23 MP: 1/1
   444 | D:1      | Reached XP level 2. HP: 18/29 MP: 2/2
   887 | D:1      | Reached XP level 3. HP: 33/35 MP: 3/3
  1493 | D:2      | Reached skill level 1 in Invocations
  1515 | D:2      | Noticed Robin
  1526 | D:2      | Killed Robin
  1526 | D:2      | Killed by an exploding goblin... ignited by their inner
                  | flame

Illustrated notes

Levels and vault maps discovered:
D:1:      minmay_arrival_jagged, layout_loops_ring
D:2:      minmay_spotlight, layout_loops_ring, basic_altar, uniq_robin

Skill      XL: |  1  2  3 |
---------------+----------+-----
Invocations    | 1 |  1.0
Fighting       | |  6.5
Short Blades   | |  0.9
Long Blades    | |  0.9
Axes           | |  0.9
Maces & Flails | |  0.9
Polearms       | |  0.9
Staves         | |  2.6
Slings         | |  0.9
Bows           | |  0.9
Crossbows      | |  0.9
Throwing       | |  0.9
Armour         | |  2.6
Dodging        | |  4.5
Stealth        | |  0.9
Shields        | |  0.9
Unarmed Combat | |  0.9
Spellcasting   | |  0.9
Conjurations   | |  0.6
Hexes          | |  0.6
Summonings     | |  0.6
Necromancy     | |  0.6
Translocations | |  0.6
Transmutations | |  0.6
Fire Magic     | |  0.6
Ice Magic      | |  0.6
Air Magic      | |  0.6
Earth Magic    | |  0.6
Poison Magic   | |  0.6
Evocations     | |  6.5

Action                   || total
-------------------------++-------
Melee: Quarterstaff      ||    96
       Bite              ||     9
  Use: Scroll            ||     3
 Stab: Sleeping          ||     1
Armor: Leather armour    ||    52
Dodge: Dodged            ||    77

Table legend: (Time is in decaauts)
 A = Elapsed time spent in this place.
 B = Non-inter-level travel time spent in this place.
 C = Inter-level travel time spent in this place.
 D = Time resting spent in this place.
 E = Time spent auto-exploring this place.
 F = Levels seen in this place.
 G = Mean time per level.
                   A        B        C        D        E       F      G
               +--------+--------+--------+--------+--------+-----+--------+
         Total |   1542 |   1449 |     93 |    191 |   1001 |   2 |  771.0 |
       Dungeon |   1542 |   1449 |     93 |    191 |   1001 |   2 |  771.0 |
               +--------+--------+--------+--------+--------+-----+--------+

Top non-repeatable levels by time:
     D:1: 1500 daAuts
     D:2: 41 daAuts
